 Dungeon Crawl Stone Soup version 0.27-a0-416-gca2cecf3c0 (webtiles) character file.

Game seed: 11693316798891083161

7 dolemite99 the Chopper (level 1, -2/16 HPs)
             Began as a Demonspawn Gladiator on Feb 25, 2021.
             Slain by a kobold
             ... wielding a +0 whip
              (5 damage)
             ... on level 1 of the Dungeon.
             The game lasted 00:00:11 (190 turns).

dolemite99 the Chopper (Demonspawn Gladiator)        Turns: 190, Time: 00:00:12

Health: -2/16      AC:  4    Str: 14    XL:     1   Next: 83%
Magic:  1/1        EV: 12    Int:  9    God:
Gold:   39         SH:  0    Dex: 14    Spells: 0/0 levels left

rFire    . . .     SeeInvis .   a - +0 war axe
rCold    . . .     Faith    .   (no shield)
rNeg     . . .     Spirit   .   b - +0 leather armour
rPois    .         Reflect  .   c - +0 helmet
rElec    .         Harm     .   (no cloak)
rCorr    .         Rampage  .   (no gloves)
Will     .....                  (no boots)
Stlth    +.........             (no amulet)
HPRegen  0.05/turn              (no ring)
MPRegen  0.07/turn              (no ring)

@: no status effects
A: no striking features
a: no special abilities


You were on level 1 of the Dungeon.
You visited 1 branch of the dungeon, and saw 1 of its levels.

You collected 39 gold pieces.

Inventory:

Hand Weapons
 a - a +0 war axe (weapon)
Missiles
 d - 3 throwing nets (quivered)
Armour
 b - a +0 leather armour (worn)
 c - a +0 helmet (worn)
Jewellery
 f - a +4 ring of evasion
Potions
 e - a potion of magic {unknown}


   Skills:
 - Level 2.0 Fighting
 + Level 3.1 Axes
 - Level 1.7 Throwing
 - Level 2.6 Dodging


You couldn't memorise any spells.
You didn't know any spells.
Your spell library was empty.

Dungeon Overview and Level Annotations

Branches:
Dungeon (1/15)

Altars:


Message History

You kill the frilled lizard!
A rat comes into view.
The kobold hits you with a +0 whip.
You hit the kobold.
The kobold is moderately wounded.
The kobold closely misses you.
A bat comes into view.
The kobold hits you but does no damage.
Found 25 arrows and a leather armour.
You hit the kobold but do no damage.
The kobold is moderately wounded.
You hit the rat but do no damage. The bat barely misses you.
The rat bites you but does no damage. The kobold hits you with a +0 whip.
The rat barely misses you. The kobold hits you with a +0 whip.
You hit the kobold but do no damage.
The kobold is moderately wounded.
You barely miss the rat. The bat hits you but does no damage.
The rat closely misses you. The kobold misses you.
You are too injured to fight recklessly!
You are too injured to fight recklessly!
You are too injured to fight recklessly!
You are too injured to fight recklessly!
You are too injured to fight recklessly!
You closely miss the kobold.
The kobold is moderately wounded.
You hit the rat but do no damage. The bat closely misses you.
The rat closely misses you. The kobold misses you.
You barely miss the kobold.
The kobold is moderately wounded.
You closely miss the rat. The bat hits you. The rat barely misses you.
The kobold misses you.
A giant cockroach comes into view.
The rat closely misses you. The kobold hits you with a +0 whip.
You barely miss the kobold.
The kobold is moderately wounded.
You hit the rat. The bat closely misses you. The rat bites you.
* * * LOW HITPOINT WARNING * * *
The kobold closely misses you. The bat hits you but does no damage.
The kobold hits you with a +0 whip.
You die...

...[.........
............ ...........
#.B........ ..........
######.........
...............
#.Kr....... #.#
###.@........ ...
...###...b.......(
...........#..........
......####†.........#
#..####...#.......##
#..........#######
##.........###
#.#.......... ..
#.......################


You could see a giant cockroach, a bat, a kobold and a rat.

Vanquished Creatures
  A dart slug (D:1)
  A giant cockroach (D:1)
  A kobold (D:1)
  A frilled lizard (D:1)
  A rat (D:1)
5 creatures vanquished.

Notes
Turn   | Place    | Note
-------+----------+-------------------------------------------
     0 | D:1      | dolemite99 the Demonspawn Gladiator began the quest for the
                  | Orb.
     0 | D:1      | Reached XP level 1. HP: 16/16 MP: 1/1
   150 | D:1      | Reached skill level 3 in Axes
   190 | D:1      | Slain by a kobold

Illustrated notes

Levels and vault maps discovered:
D:1:      tarquinn_simple_flora_water_c, layout_rooms, minmay_box_of_dots

Skill      XL: |  1 |
---------------+----+-----
Axes           | 3 |  3.1
Fighting       | |  2.0
Throwing       | |  1.7
Dodging        | |  2.6

Action                   || total
-------------------------++-------
Melee: War axe           ||    15
Armor: Leather armour    ||     7
Dodge: Dodged            ||    14

Table legend: (Time is in decaauts)
 A = Elapsed time spent in this place.
 B = Non-inter-level travel time spent in this place.
 C = Inter-level travel time spent in this place.
 D = Time resting spent in this place.
 E = Time spent auto-exploring this place.
 F = Levels seen in this place.
 G = Mean time per level.
                   A        B        C        D        E       F      G
               +--------+--------+--------+--------+--------+-----+--------+
         Total |    195 |    195 |      0 |      0 |    145 |   1 |  195.0 |
       Dungeon |    195 |    195 |      0 |      0 |    145 |   1 |  195.0 |
               +--------+--------+--------+--------+--------+-----+--------+

Top non-repeatable levels by time:
     D:1: 195 daAuts
